 Dungeon Crawl Stone Soup version 0.31-a0-672-g7da72447bb (webtiles) character file.

Game seed: 16710168234993693818

1938 Xavori the Covert (level 9, -8/59 HPs)
             Began as an Octopode Chaos Knight on Sept 4, 2023.
             Was a Plaything of Xom.
             Killed by divine providence
             ... invoked by an orc priest
              (11 damage)
             ... on level 7 of the Dungeon.
             The game lasted 00:06:12 (6647 turns).

Xavori the Covert (Octopode Chaos Knight)           Turns: 6647, Time: 00:06:12

Health: -8/59      AC:  9    Str: 13    XL:     9   Next: 18%
Magic:  9/9        EV: 13    Int: 16    God:    Xom [.....*]
Gold:   1092       SH:  8    Dex: 18    Spells: 8/8 levels left

rFire   . . .        t - +1 dagger (venom)
rCold   + + .        v - +0 kite shield
rNeg    . . .        l - +0 hat
rPois   +            (no amulet)
rElec   +            g - ring "Seshreoma" {rElec rPois rC+ AC+4 SInv}
rCorr   .            o - ring of protection from cold
SInv    +            (no ring)
Will    +....        (no ring)
Stlth   ++++++       (no ring)
HPRegen 0.29/turn    (no ring)
MPRegen 0.11/turn    (no ring)
                     (no ring)

%: clarity
@: no status effects
A: almost no armour, amphibious, 8 rings, camouflage 1, gelatinous body 1,
(nimble swimmer 1), tentacles, tentacle spike 1, iridescent scales 2, see
invisible, agile 1, clarity, clever 1, strong-willed 1, strong 1
a: Renounce Religion


You were on level 7 of the Dungeon.
You worshipped Xom.
You were Xom's teddy bear.
You visited 1 branch of the dungeon, and saw 7 of its levels.

You collected 1092 gold pieces.

Inventory:

Hand Weapons
 a - a +0 short sword of chaos
 t - a +1 dagger of venom (weapon)
Missiles
 u - 3 throwing nets
Armour
 l - a +0 hat (worn)
 v - a +0 kite shield (worn)
Jewellery
 g - the ring "Seshreoma" (left tentacle) {rElec rPois rC+ AC+4 SInv}
   (Xom gifted it to you on level 2 of the Dungeon)

   [ring of protection]

   AC+4:      It affects your AC (+4).
   rC+:       It protects you from cold.
   rElec:     It insulates you from electricity.
   rPois:     It protects you from poison SInv: It lets you see invisible.
 o - a ring of protection from cold (right tentacle)
 p - a ring of poison resistance
Wands
 k - a wand of flame (55)
 n - a wand of quicksilver (7)
 r - a wand of polymorph (8)
 s - a wand of mindburst (34)
Scrolls
 b - a scroll of butterflies
 c - 4 scrolls of blinking
 d - 2 scrolls of teleportation
 i - a scroll of revelation
 q - a scroll of fear
 x - a scroll of enchant armour
Potions
 e - 2 potions of attraction {unknown}
 f - 2 potions of mutation
 h - a potion of brilliance
 m - 2 potions of curing {unknown}
 z - 2 potions of ambrosia {unknown}
Miscellaneous
 j - a phial of floods


   Skills:
 + Level 4.7 Fighting
 + Level 5.8 Short Blades
 + Level 4.3 Dodging
 + Level 10.9 Stealth
 * Level 5.0 Evocations


You had 8 spell levels left.
You didn't know any spells.
Your spell library contained the following spells:

 Spells                   Type           Power      Damage    Failure   Level
 Shock                    Conj/Air       0%         1d3       71%         1
 Static Discharge         Conj/Air       0%         2-2/arc   85%         2
 Sublimation of Blood     Necr           0%         N/A       85%         2
 Swiftness                Air            0%         N/A       97%         3
 Airstrike                Air            0%         2d(0-16)  100%        4
 Petrify                  Tmut/Erth      0%         N/A       100%        4
 Summon Lightning Spire   Summ/Air       0%         N/A       100%        4
 Irradiate                Conj/Tmut      0%         3d11      100%        5


Dungeon Overview and Level Annotations

Branches:
Dungeon (7/15)             Temple (0/1) D:4

Altars:
Elyvilon
Xom
Yredelemnul


Innate Abilities, Weirdness & Mutations

You cannot wear most types of armour.
You are amphibious.
You can wear up to eight rings at the same time.
Your skin changes colour to match your surroundings (Stealth+).
Your rubbery body absorbs attacks. (AC +1, EV +1)
((You are camouflaged when in or above water. (Stealth+)))
You have tentacles for arms and can constrict up to eight enemies at once.
One of your tentacles bears a spike.
You are mostly covered in iridescent scales. (AC +4)
You have supernaturally acute eyesight. (SInv)
You are agile. (Dex +4, Str/Int -1)
You possess an exceptional clarity of mind.
Your mind is acute. (Int +4, Str/Dex -1)
You are strong-willed. (Will+)
Your muscles are strong. (Str +4, Int/Dex -1)


Message History

An orc priest is nearby!
An orc priest is nearby!
A centaur comes into view. It is carrying a wand of quicksilver.
The centaur wields a +0 shortbow.
The centaur shoots an arrow.
You block the arrow.
The orc priest shouts!
A kobold comes into view. It is wielding a +0 whip.
You hear a shout!
The centaur unwields a +0 shortbow.
You block the centaur's attack. x2
The centaur closely misses you.
The centaur kicks you but does no damage.
The kobold moves out of view.
You hear a shout!
You barely miss the centaur. Your squeeze misses the centaur.
You block the centaur's attack.
The centaur kicks you but does no damage.
You hit the centaur.
The centaur is poisoned.
Your tentacle spike misses the centaur.
The centaur is lightly wounded.
The centaur zaps a wand.
The bolt of dispelling energy hits you!
The orc priest mumbles some strange prayers to Beogh against you.
Beogh smites you!
* * * LOW HITPOINT WARNING * * *
Xom is mildly amused.
A shower of butterflies erupts from you!
Unknown command.
Aiming: Quicksilver Bolt
Press: ? - help, Shift-Dir - straight line, f - kobold
Aim: a kobold, wielding a +0 whip, wearing a +0 chain mail and quivering stones (74% to hit)
The bolt of dispelling energy hits the centaur!
The centaur is severely wounded.
The bolt of dispelling energy misses the kobold.
The centaur zaps a wand.
The bolt of dispelling energy hits you!
* * * LOW HITPOINT WARNING * * *
The bolt of dispelling energy hits your butterfly!
Your butterfly dies!
Your butterfly degenerates into a cloud of primal chaos!
The orc priest mumbles some strange prayers to Beogh against you.
Beogh smites you!
You die...

#.# #.####
#.#..##### #
#........# #.
#.)......#
.###..b.....#
..#..ยง.....g
#.#..b.....#
#######.#@obb....#
.......)c)#..#'###
########)###..#.#
.........# #..#.#
#######..###..#.#
#......<#.######
##..............
########..#.######
........#.#.#


You could see a centaur (very poisoned) and an orc priest (ally target).

Vanquished Creatures
  3 water moccasins
  A black bear (D:4)
  A centaur (D:6)
  A phantom (D:5)
  A kobold brigand (D:5)
  2 scorpions
  A gnoll sergeant (D:7)
  5 wights (D:6)
  3 jellies
  A hound (D:5)
  A gnoll bouda (D:5)
  2 orc priests
  2 sleepcaps (D:6)
  Jessica (D:2)
  Ijyb (D:4)
  4 orc wizards
  An iguana (D:6)
  7 gnolls
  9 adders
  2 shadow imps (D:6)
  An ufetubus (D:4)
  2 worms
  6 dart slugs
  17 orcs
  6 endoplasms
  3 giant cockroaches
  4 goblins (D:1)
  4 hobgoblins (D:1)
  3 jackals (D:1)
  A quokka (D:2)
  10 ball pythons
  2 bats (D:1)
  4 frilled lizards
  5 kobolds
  3 rats (D:1)
120 creatures vanquished.

Vanquished Creatures (collateral kills)
  The ghost of hgbash the Conjurer, an amateur DECj (D:5)
  7 kobolds (D:5)
8 creatures vanquished.

Grand Total: 128 creatures vanquished

Notes
Turn   | Place    | Note
-------+----------+-------------------------------------------
     0 | D:1      | Xavori the Octopode Chaos Knight began the quest for the
                  | Orb.
     0 | D:1      | Reached XP level 1. HP: 16/16 MP: 1/1
    94 | D:1      | XOM: butterfly on damage
   152 | D:1      | Reached XP level 2. HP: 18/21 MP: 2/2
   493 | D:1      | Reached XP level 3. HP: 10/26 MP: 3/3
   499 | D:1      | Reached skill level 1 in Stealth
   671 | D:1      | XOM: silly message
   860 | D:1      | XOM: god gift: silver javelin
  1472 | D:1      | XOM: give mutation
  1472 | D:1      | Gained mutation: You are agile. (Dex +4, Str/Int -1) [Xom's
                  | grace]
  1904 | D:1      | XOM: scenery: summon butterflies
  1993 | D:1      | XOM: give mutations
  1993 | D:1      | Gained mutation: You possess an exceptional clarity of
                  | mind. [Xom's grace]
  1993 | D:1      | Gained mutation: Your mind is acute. (Int +4, Str/Dex -1)
                  | [Xom's grace]
  1993 | D:1      | Gained mutation: You have supernaturally acute eyesight.
                  | (SInv) [Xom's grace]
  1993 | D:1      | Gained mutation: You are partially covered in iridescent
                  | scales. (AC +2) [Xom's grace]
  2012 | D:2      | XOM: god gift: wavering tin ring {god gift}
  2012 | D:2      | Identified the ring "Seshreoma" {rElec rPois rC+ AC+4 SInv}
                  | (Xom gifted it to you on level 2 of the Dungeon)
  2165 | D:2      | Noticed Jessica
  2167 | D:2      | XOM: butterfly on damage
  2171 | D:2      | Killed Jessica
  2172 | D:2      | Reached skill level 2 in Stealth
  2172 | D:2      | Reached XP level 4. HP: 27/33 MP: 4/4
  2224 | D:2      | XOM: 2-stop teleportation journey
  2246 | D:2      | XOM: god gift: 804 gold pieces
  2262 | D:2      | XOM: scenery: create altars
  2380 | D:2      | Found a faded altar of an unknown god.
  2633 | D:3      | Reached skill level 3 in Stealth
  2664 | D:3      | XOM: 4-stop teleportation journey
  2808 | D:3      | Found a white marble altar of Elyvilon.
  2990 | D:3      | XOM: give mutation
  2990 | D:3      | Gained mutation: One of your tentacles bears a spike.
                  | [Xom's grace]
  3098 | D:3      | Found a faded altar of an unknown god.
  3103 | D:3      | Found a basalt altar of Yredelemnul.
  3210 | D:4      | Noticed Ijyb
  3216 | D:4      | Killed Ijyb
  3217 | D:4      | Reached XP level 5. HP: 37/37 MP: 5/5
  3264 | D:4      | Reached skill level 4 in Stealth
  3303 | D:4      | Noticed a black bear
  3311 | D:4      | Killed a black bear
  3312 | D:4      | Reached skill level 5 in Stealth
  3312 | D:4      | Reached skill level 1 in Evocations
  3312 | D:4      | Reached XP level 6. HP: 43/43 MP: 6/6
  3339 | D:4      | Found a staircase to the Ecumenical Temple.
  3917 | D:5      | Entered Level 5 of the Dungeon
  4106 | D:5      | Reached skill level 6 in Stealth
  4108 | D:5      | XOM: polymorph quokka -> dart slug
  4294 | D:5      | Reached XP level 7. HP: 47/47 MP: 7/7
  4416 | D:5      | Reached skill level 7 in Stealth
  4629 | D:5      | XOM: god gift: phial of floods
  4671 | D:5      | XOM: enchant monster (good)
  4678 | D:5      | Found a runed translucent gate.
  4678 | D:5      | Noticed hgbash's ghost (amateur DECj)
  4679 | D:5      | Found a runed translucent gate.
  4679 | D:5      | Found a runed translucent gate.
  4705 | D:5      | XOM: summons friendly hellwing
  4715 | D:5      | Reached skill level 5 in Short Blades
  4715 | D:5      | Reached skill level 8 in Stealth
  4723 | D:5      | Killed hgbash's ghost
  4724 | D:5      | Reached XP level 8. HP: 36/54 MP: 8/8
  4839 | D:6      | XOM: scenery: create altars
  4865 | D:6      | XOM: enchant monster (bad)
  5172 | D:6      | Reached skill level 9 in Stealth
  5172 | D:6      | XOM: give mutations
  5172 | D:6      | Gained mutation: Your muscles are strong. (Str +4, Int/Dex
                  | -1) [Xom's grace]
  5172 | D:6      | Gained mutation: You are mostly covered in iridescent
                  | scales. (AC +4) [Xom's grace]
  5172 | D:6      | Gained mutation: You are strong-willed. (Will+) [Xom's
                  | grace]
  5343 | D:6      | XOM: summons 5 hostile demons
  5451 | D:6      | XOM: summons 2 hostile demons
  5747 | D:6      | Reached skill level 10 in Stealth
  5980 | D:6      | Reached XP level 9. HP: 55/59 MP: 9/9
  6168 | D:6      | Reached skill level 5 in Evocations
  6484 | D:6      | XOM: summons 2 hostile shadow creatures
  6601 | D:7      | XOM: noise
  6646 | D:7      | XOM: butterfly on damage
  6647 | D:7      | Killed from afar by an orc priest

Illustrated notes

Levels and vault maps discovered:
D:1:      ncdulo_watergridlock, layout_loops_ring, serial_co_window_serial,
          co_window_paths_a, co_window_of_opportunity_a, co_window_paths_b,
          co_window_paths_a, co_window_corner_a, co_window_paths_b,
          co_window_of_opportunity_a, co_window_corner_b, co_window_broadway_b,
          co_window_of_opportunity_b, co_window_corner_b, co_window_corner_ca,
          co_window_broadway_a, glass_columns_a, glass_columns_b,
          glass_columns_a
D:2:      layout_rooms, chequers_ecumenical_altar_grove, uniq_jessica
D:3:      layout_basic, nicolae_overflow_ecumenical_swirl, elyvilon_altar_3,
          roderic_serpentine_path
D:4:      layout_loops_ring, temple_statues, uniq_ijyb
D:5:      layout_loops_ring, gammafunk_ghost_nasty_kobolds
D:6:      layout_layer_cave
D:7:      layout_basic, nicolae_overflow_macrodata_refinement

Skill      XL: |  1  2  3  4  5  6  7  8  9 |
---------------+----------------------------+-----
Stealth        | 2 3 5 6 8 10 | 10.9
Short Blades   | 4 5 |  5.8
Dodging        | 3 4 |  4.3
Evocations     | 1 2 3 4 5 |  5.0
Fighting       | 4 |  4.7

Action                     |  1- 3 |  4- 6 |  7- 9 || total
---------------------------+-------+-------+-------++-------
  Melee: Short sword       |    77 |    72 |    12 ||   161
         Constrict         |    16 |    19 |    36 ||    71
         Tentacles         |    13 |    16 |    55 ||    84
         Kick              |       |    25 |    70 ||    95
         Punch             |       |     1 |     3 ||     4
         Dagger            |       |       |   155 ||   155
  Evoke: Wand              |       |       |     2 ||     2
    Use: Scroll            |       |     8 |     4 ||    12
   Stab: Sleeping          |    12 |    14 |     9 ||    35
         Distracted        |     1 |     1 |       ||     2
         Paralysed         |       |       |     2 ||     2
         Petrifying        |       |       |     1 ||     1
 Armour: Skin              |    31 |    24 |    79 ||   134
  Dodge: Dodged            |    37 |    31 |   100 ||   168
  Block: Kite shield       |       |       |     6 ||     6

Table legend: (Time is in decaauts)
 A = Elapsed time spent in this place.
 B = Non-inter-level travel time spent in this place.
 C = Inter-level travel time spent in this place.
 D = Time resting spent in this place.
 E = Time spent auto-exploring this place.
 F = Levels seen in this place.
 G = Mean time per level.
                   A        B        C        D        E       F      G
               +--------+--------+--------+--------+--------+-----+--------+
         Total |   6576 |   6378 |    198 |   1462 |   4036 |   7 |  939.4 |
       Dungeon |   6576 |   6378 |    198 |   1462 |   4036 |   7 |  939.4 |
               +--------+--------+--------+--------+--------+-----+--------+

Top non-repeatable levels by time:
     D:1: 1979 daAuts
     D:6: 1547 daAuts
     D:5: 948 daAuts
     D:4: 802 daAuts
     D:3: 777 daAuts
     D:2: 438 daAuts
     D:7: 82 daAuts
